 Dungeon Crawl Stone Soup version 0.20.2-3-g29329e0561 (webtiles) character file.

2957 Alfie the Carver (level 9, -9/78 HPs)
             Began as a Minotaur Fighter on Nov 24, 2020.
             Mangled by a sixfirhy (11 damage)
             ... on level 7 of the Dungeon.
             The game lasted 00:13:49 (4409 turns).

Alfie the Carver (Minotaur Fighter)                 Turns: 4409, Time: 00:13:50

Health: -9/78      AC: 12    Str: 24    XL:     9   Next: 52%
Magic:  8/8        EV: 11    Int:  5    God:
Gold:   350        SH: 12    Dex: 10    Spells: 6/8 levels left

rFire    . . .     SeeInvis .   a - +2 long sword
rCold    . . .     Gourm    .   c - +1 shield
rNeg     . . .     Faith    .   b - +1 scale mail
rPois    .         Spirit   .   (helmet restricted)
rElec    .         Reflect  .   w - +0 cloak
rCorr    .         Harm     .   (no gloves)
MR       .....                  v - +1 pair of boots
Stlth    ..........             (no amulet)
Regen    0.3/turn               (no ring)
MPRegen  0.2/turn               (no ring)

@: no status effects
A: retaliatory headbutt, horns 2
a: no special abilities


You were on level 7 of the Dungeon.
You were not hungry.

You visited 1 branch of the dungeon, and saw 7 of its levels.

You collected 350 gold pieces.

Inventory:

Hand Weapons
 a - a +2 long sword (weapon)
Missiles
 r - 4 silver tomahawks (quivered)
Armour
 b - a +1 scale mail (worn)
 c - a +1 shield (worn)
 v - a +1 pair of boots (worn)
 w - a +0 cloak (worn)
Wands
 e - a wand of flame (38/48)
 h - a wand of random effects (17/48)
 q - a wand of polymorph (3/24)
 s - a wand of digging (11/24)
Scrolls
 g - 2 scrolls of teleportation
 j - 5 scrolls of identify
 t - a scroll of enchant weapon
 x - a scroll of fog {unknown}
 y - a scroll of amnesia
Potions
 d - 4 potions of might
 i - 3 potions of heal wounds {unknown}
 k - a potion of flight
 l - 3 potions of curing
 m - 2 potions of degeneration {unknown}
 n - a potion of lignification {unknown}
 o - a potion of brilliance {unknown}
 u - 2 potions of magic {unknown}
 z - a potion of agility {unknown}
Comestibles
 f - 2 bread rations
 p - a meat ration
 A - 4 fruits


   Skills:
 + Level 6.8 Fighting
 + Level 9.5 Long Blades
 + Level 0.2 Throwing
 + Level 6.6 Armour
 + Level 4.7 Dodging
 + Level 0.3 Stealth
 + Level 9.1 Shields
 + Level 0.9 Unarmed Combat


You had 6 spell levels left.
You knew the following spells:

 Your Spells              Type           Power        Failure   Level  Hunger
a - Pain                  Necr           #...         95%         1    ##.....
b - Confusing Touch       Hex            #.....       95%         1    ##.....


Dungeon Overview and Level Annotations

Branches:
Dungeon (7/15)             Temple (0/1) D:6

Altars:
Dithmenos
Gozag

Shops:
D:7 *(


Innate Abilities, Weirdness & Mutations

You reflexively headbutt those who attack you in melee.
You have a pair of horns on your head.


Message History

You block the sixfirhy's attack.
You slash the sixfirhy!
The sixfirhy is severely wounded.
The sixfirhy hits you! The sixfirhy shocks you!
* * * LOW HITPOINT WARNING * * *
You closely miss the sixfirhy. Your headbutt misses the sixfirhy.
The sixfirhy is severely wounded.
You slash the sixfirhy! Your headbutt misses the sixfirhy.
The sixfirhy is almost dead.
You block the sixfirhy's attack.
You hit the sixfirhy but do no damage. Your headbutt misses the sixfirhy.
The sixfirhy is almost dead.
The sixfirhy hits you.
* * * LOW HITPOINT WARNING * * *
The sixfirhy shocks you!
* * * LOW HITPOINT WARNING * * *
The sixfirhy hits you.
* * * LOW HITPOINT WARNING * * *
The sixfirhy shocks you!
You die...

.........<......#
#.....#.(......
................#
#.....#.(......
......###########
#######........
......# #.(.)....
.(....#
#####........
......#
######............
......#
#......###########
.....(# #.###..#
......# #@3?#.(#
......# #.###.##
.###### #.....# ##
####### ## ##. #..


You could see a sixfirhy.

Vanquished Creatures
  The ghost of Alfie the Carver, a novice MiFi (D:6)
  The ghost of Alfie the Covered, an amateur MiFi (D:4)
  Grinder (D:3)
  Sigmund (D:2)
  2 phantoms
  An ogre (D:7)
  2 centaurs
  A big kobold (D:7)
  4 bullfrogs
  A wyvern skeleton (D:6)
  A water moccasin skeleton (D:6)
  A howler monkey (D:4)
  2 centaur zombies
  2 bullfrog zombies (D:5)
  3 crimson imps (D:5)
  4 bullfrog skeletons
  3 hounds
  6 orc wizards
  2 centaur skeletons
  Ijyb (D:4)
  Natasha (thrice) (D:4)
  3 worker ants
  A killer bee zombie (D:5)
  A hound skeleton (D:4)
  A hound zombie (D:5)
  A worker ant zombie (D:5)
  A howler monkey zombie (D:5)
  A howler monkey skeleton (D:5)
  8 adders
  2 adder zombies (D:5)
  2 adder skeletons (D:5)
  3 worms
  3 dart slugs
  6 leopard geckos
  19 orcs
  A ball python (D:1)
  9 bats
  7 giant cockroaches
  5 goblins
  7 hobgoblins
  6 jackals
  8 kobolds
  5 quokkas
  4 frilled lizards
  2 giant cockroach zombies (D:5)
  A jackal skeleton (D:6)
  2 jackal zombies (D:5)
  A leopard gecko zombie (D:5)
  A quokka zombie (D:5)
  6 rats
160 creatures vanquished.

Notes
Turn   | Place    | Note
-------+----------+-------------------------------------------
     0 | D:1      | Alfie the Minotaur Fighter began the quest for the Orb.
     0 | D:1      | Reached XP level 1. HP: 19/19 MP: 0/0
    93 | D:1      | Reached XP level 2. HP: 26/27 MP: 1/1
   712 | D:1      | Reached XP level 3. HP: 33/33 MP: 2/2
  1163 | D:2      | Noticed Sigmund
  1172 | D:2      | Killed Sigmund
  1172 | D:2      | Reached skill level 1 in Dodging
  1172 | D:2      | Reached XP level 4. HP: 30/41 MP: 3/3
  1172 | D:2      | Reached XP level 5. HP: 34/47 MP: 4/4
  1498 | D:3      | Learned a level 1 spell: Pain
  1514 | D:3      | Found a faded altar of an unknown god.
  1560 | D:3      | Reached skill level 5 in Shields
  1626 | D:3      | Noticed Grinder
  1655 | D:3      | Killed Grinder
  1655 | D:3      | Reached skill level 5 in Long Blades
  1655 | D:3      | Reached skill level 5 in Armour
  1655 | D:3      | Reached XP level 6. HP: 11/55 MP: 5/5
  1704 | D:3      | Reached skill level 5 in Fighting
  1704 | D:3      | Reached XP level 7. HP: 4/61 MP: 6/6
  1723 | D:3      | Found a shadowy altar of Dithmenos.
  2117 | D:4      | Noticed Ijyb
  2125 | D:4      | Killed Ijyb
  2153 | D:4      | Noticed Natasha
  2165 | D:4      | Killed Natasha
  2234 | D:4      | Noticed Natasha
  2240 | D:4      | Killed Natasha
  2297 | D:4      | Found Uqydghes's Assorted Antiques.
  2389 | D:4      | Noticed Alfie's ghost (amateur MiFi)
  2396 | D:4      | Killed Alfie's ghost
  2476 | D:4      | Noticed Natasha
  2495 | D:4      | Killed Natasha
  2521 | D:4      | Reached XP level 8. HP: 22/70 MP: 7/7
  2779 | D:5      | Entered Level 5 of the Dungeon
  2999 | D:5      | Found an opulent altar of Gozag.
  3498 | D:6      | Found a staircase to the Ecumenical Temple.
  3615 | D:6      | Reached XP level 9. HP: 78/78 MP: 8/8
  3686 | D:6      | Noticed Alfie's ghost (novice MiFi)
  3700 | D:6      | Killed Alfie's ghost
  4069 | D:7      | Found Baosab's Elemental Accessories.
  4240 | D:7      | Found Igudis's Antique Weapon Shoppe.
  4296 | D:7      | Learned a level 1 spell: Confusing Touch
  4385 | D:7      | Noticed a sixfirhy
  4386 | D:7      | Found a runed door.
  4409 | D:7      | HP: 2/78 [sixfirhy (4)]
  4409 | D:7      | Mangled by a sixfirhy

Skill      XL: |  1  2  3  4  5  6  7  8  9 |
---------------+----------------------------+-----
Fighting       | 4 5 6 |  6.8
Armour         | 4 5 6 |  6.6
Shields        | 4 5 6 8 9 |  9.1
Long Blades    | 4 5 6 8 9 |  9.5
Dodging        | 1 2 3 4 |  4.7
Throwing       | |  0.2
Stealth        | |  0.3
Unarmed Combat | |  0.9

Action                   |  1- 3 |  4- 6 |  7- 9 || total
-------------------------+-------+-------+-------++-------
Melee: Long sword        |    72 |    56 |   321 ||   449
       Headbutt          |     9 |    13 |    78 ||   100
       Unarmed           |       |       |    31 ||    31
Throw: Tomahawk          |       |       |     1 ||     1
  Use: Scroll            |     2 |       |    11 ||    13
       Potion            |     1 |     5 |     2 ||     8
  Eat: Royal jelly       |     1 |       |       ||     1
       Fruit             |       |     1 |     2 ||     3
       Bread ration      |       |       |     2 ||     2
Armor: Scale mail        |    39 |    30 |   116 ||   185
       Skin              |       |       |     1 ||     1
Dodge: Dodged            |    30 |    17 |   138 ||   185
Block: Shield            |    44 |    30 |   204 ||   278
       Rpst.: Long sword |     3 |     3 |    29 ||    35
